 Dungeon Crawl Stone Soup version 0.30-a0-626-gd6a5dd7a1f (webtiles) character file.

Game seed: 13202117012583078037

2585 bande the Chopper (level 9, -1/55 HPs)
             Began as a Gargoyle Fighter on Jan 12, 2023.
             Slain by an orc
             ... wielding a +0 trident
              (7 damage)
             ... on level 6 of the Dungeon.
             The game lasted 00:12:09 (7130 turns).

bande the Chopper (Gargoyle Fighter)                Turns: 7130, Time: 00:12:09

Health: -1/55      AC: 16    Str: 20    XL:     9   Next: 58%
Magic:  9/9        EV:  9    Int:  9    God:
Gold:   814        SH:  5    Dex: 13    Spells: 6/8 levels left

rFire   . . .      SeeInvis .    a - +1 war axe
rCold   . . .      Faith    +    c - +0 buckler
rNeg    + . .      Spirit   .    b - +0 scale mail
rPois   ∞          Reflect  .    (no helmet)
rElec   +          Harm     .    n - +1 cloak
rCorr   .          Rampage  .    (no gloves)
Will    .....                    (no boots) Stlth
                                 y - amulet of faith
HPRegen 0.29/turn                (no ring)
MPRegen 0.11/turn                (no ring)

@: no status effects
A: sickness immunity, AC +6, negative energy resistance 1, electricity
resistance, torment resistance 1, petrification resistance
a: no special abilities


You were on level 6 of the Dungeon.
You visited 1 branch of the dungeon, and saw 6 of its levels.

You collected 814 gold pieces.

Inventory:

Hand Weapons
 a - a +1 war axe (weapon)
 e - a +2 flail of holy wrath
Missiles
 l - a throwing net (quivered)
Armour
 b - a +0 scale mail (worn)
 c - a +0 buckler (worn)
 n - a +1 cloak (worn)
Jewellery
 s - a ring of magical power
 y - an amulet of faith (around neck)
Wands
 g - a wand of flame (17)
 t - a wand of quicksilver (13)
 v - a wand of paralysis (3)
Scrolls
 f - 3 scrolls of poison
 h - 5 scrolls of fog
 p - a scroll of teleportation
Potions
 d - 4 potions of might
 i - 3 potions of cancellation
 j - a potion of magic
 k - 3 potions of flight
 m - 2 potions of brilliance
 o - a potion of mutation
 q - a potion of ambrosia
 r - a potion of curing
 w - a potion of lignification {unknown}


   Skills:
 + Level 5.9 Fighting
 + Level 7.2 Axes
 + Level 6.4 Armour
 - Level 0.1 Dodging
 + Level 5.4 Shields
 * Level 4.6 Translocations
 * Level 3.0 Evocations


You had 6 spell levels left.
You knew the following spells:

 Your Spells              Type           Power      Damage    Failure   Level
a - Blink                 Tloc           16%        N/A       30%         2

Your spell library contained the following spells:

 Spells                   Type           Power      Damage    Failure   Level
 Lesser Beckoning         Tloc           16%        N/A       52%         3
 Momentum Strike          Conj/Tloc      8%         3d8       63%         2
 Vhi's Electric Charge    Tloc/Air       8%         N/A       85%         3
 Static Discharge         Conj/Air       0%         2-2/arc   90%         2
 Arcjolt                  Conj/Air       0%         1d10      100%        5
 Lightning Bolt           Conj/Air       0%         1d11      100%        5


Dungeon Overview and Level Annotations

Branches:
Dungeon (6/15)
 Temple: D:4-7

Altars:
Makhleb
Qazlal
Sif Muna

Shops:
D:1 *   D:2 ?   D:3 :   D:4 =


Innate Abilities, Weirdness & Mutations

You are immune to sickness and miasma.
Your stone body is resilient. (AC +6)
You are immune to poison.
You resist negative energy. (rN+)
You are resistant to electric shocks. (rElec)
You are resistant to unholy torment.
You are immune to petrification.


Message History

The orc warrior is moderately wounded.
The orc warrior hits you with a +2 flail of protection!
The orc hits you but does no damage.
The orc priest hits you but does no damage.
A sky beast comes into view.
You slash the orc warrior!
The orc warrior is severely wounded.
The orc warrior hits you with a +2 flail of protection!
The orc hits you but does no damage. The orc priest barely misses you.
You are too injured to fight recklessly!
You are too injured to fight recklessly!
You are too injured to fight recklessly!
You are too injured to fight recklessly!
You are too injured to fight recklessly!
You are too injured to fight recklessly!
You are too injured to fight recklessly!
You are too injured to fight recklessly!
You are too injured to fight recklessly!
You are too injured to fight recklessly!
You block the orc's attack.
The orc priest hits you but does no damage.
The orc warrior hits you with a +2 flail of protection!
* * * LOW HITPOINT WARNING * * *
You hit the orc warrior but do no damage.
The orc warrior is severely wounded.
You slash the orc priest!
The orc hits you from afar with a +0 trident.
* * * LOW HITPOINT WARNING * * *
The orc warrior hits you with a +2 flail of protection.
* * * LOW HITPOINT WARNING * * *
You block the orc priest's attack.
Unknown command.
You slash the orc warrior!
You kill the orc warrior!
You closely miss the orc priest.
The orc priest hits you but does no damage.
The orc hits you but does no damage.
Your Evocations skill increases to level 3!
The orc priest barely misses you. The orc hits you with a +0 trident!
You die...

...............##.##
.....##....##.###.##
.....#.....#.......#
.....#.....#.......#
#..#.#.............#
#..).#.....##......#
...#.#.....##......#
.#†........##......#
.#.........#....@..#**
.##...#...#..#.o##o..#
...............##,Y..♣**
...###..........,,.....*
..>,,...........,*.>...#
###**...........,,.....#
***,,,.........**,...♣##
*,,,,,......#*,***...#*
,,,,,,,,....,,,,,,,,,,*


You could see an orc priest and an orc.

Vanquished Creatures
  Sigmund (D:3)
  Eustachio (D:6)
  A water moccasin (D:6)
  3 ice beasts (D:5)
  2 orc warriors (D:6)
  A sky beast (D:6)
  2 black bears
  3 ogres
  2 kobold brigands (D:6)
  3 phantoms
  A necrophage (D:5)
  A bullfrog (D:6)
  A scorpion (D:5)
  A howler monkey (D:5)
  2 jellies
  4 hounds
  2 gnoll boudas
  2 iguanas
  Ijyb (D:5)
  An orc wizard (D:6)
  10 gnolls
  5 adders
  2 worms
  2 dart slugs
  10 orcs
  7 bats
  6 endoplasms
  6 giant cockroaches
  10 goblins
  5 hobgoblins
  4 jackals (D:4)
  9 quokkas
  6 ball pythons
  3 frilled lizards
  12 kobolds
  7 rats
139 creatures vanquished.

Vanquished Creatures (others)
  10 plants (D:6)
10 creatures vanquished.

Grand Total: 149 creatures vanquished

Notes
Turn   | Place    | Note
-------+----------+-------------------------------------------
     0 | D:1      | bande the Gargoyle Fighter began the quest for the Orb.
     0 | D:1      | Reached XP level 1. HP: 14/14 MP: 1/1
   135 | D:1      | Reached XP level 2. HP: 19/19 MP: 2/2
   162 | D:1      | Reached skill level 2 in Axes
   219 | D:1      | Found Geam's General Store.
   453 | D:2      | Reached XP level 3. HP: 21/23 MP: 3/3
   697 | D:2      | Found Exke's Magic Scroll Shop.
   871 | D:2      | Learned a level 2 spell: Blink
  1377 | D:3      | Reached XP level 4. HP: 11/28 MP: 4/4
  1594 | D:3      | Noticed Sigmund
  1626 | D:3      | Killed Sigmund
  1627 | D:3      | Reached skill level 3 in Axes
  1627 | D:3      | Reached skill level 1 in Translocations
  1627 | D:3      | Reached XP level 5. HP: 18/33 MP: 5/5
  1627 | D:3      | Reached XP level 6. HP: 21/38 MP: 6/6
  1801 | D:3      | Found a stormy altar of Qazlal.
  1801 | D:3      | Found a burning altar of Makhleb.
  1864 | D:3      | Found Kaenyxt's Book Shoppe.
  2519 | D:4      | Found Heames's Jewellery Shop.
  2567 | D:4      | Reached skill level 4 in Axes
  2831 | D:4      | HP: 1/38 [hound (4)]
  3597 | D:4      | Found a shimmering blue altar of Sif Muna.
  3894 | D:5      | Entered Level 5 of the Dungeon
  3910 | D:5      | Noticed an ice beast
  3919 | D:5      | Noticed a black bear
  3928 | D:5      | Killed an ice beast
  3929 | D:5      | Reached XP level 7. HP: 44/44 MP: 7/7
  4082 | D:4      | Reached skill level 5 in Axes
  4811 | D:5      | Reached XP level 8. HP: 20/48 MP: 8/8
  5170 | D:5      | Reached skill level 5 in Armour
  5188 | D:5      | Reached skill level 5 in Fighting
  5188 | D:5      | Reached skill level 1 in Evocations
  5650 | D:5      | Noticed Ijyb
  5653 | D:5      | Paralysed by Ijyb for 5 turns
  5669 | D:5      | Paralysed by Ijyb for 4 turns
  5674 | D:5      | Killed Ijyb
  5994 | D:5      | Reached skill level 5 in Shields
  6020 | D:5      | Reached skill level 6 in Axes
  6556 | D:6      | Noticed Eustachio
  6560 | D:6      | Reached XP level 9. HP: 51/54 MP: 9/9
  6571 | D:6      | Killed Eustachio
  6782 | D:6      | Identified a scroll of acquirement
  6782 | D:6      | Acquired 542 gold pieces
  7002 | D:6      | Reached skill level 7 in Axes
  7130 | D:6      | Slain by an orc

Illustrated notes

Levels and vault maps discovered:
D:1:      amcnicky_arrival_single_pillar, layout_basic, serial_shops, shop,
          serial_glass, glass_columns_c, glass_columns_b, glass_columns_a,
          minmay_misc_feat_four_crosses
D:2:      layout_loops_ring, serial_shops, nicolae_shop_stone,
          nicolae_eternal_life
D:3:      layout_loops_ring, jmf_multi_god_temple, serial_shops, shop_statue,
          uniq_sigmund
D:4:      layout_cave_pods, nicolae_sif_muna_condensation, serial_shops, shop,
          dk_rats_in_the_wall
D:5:      minmay_thinvault, layout_loops_ring, uniq_ijyb
D:6:      layout_rooms, grunt_ministairs_1, chequers_serial_rivers_micro_e,
          lexackson_kobold_supper, uniq_eustachio

Skill      XL: |  1  2  3  4  5  6  7  8  9 |
---------------+----------------------------+-----
Axes           | 2 3 4 5 6 7 |  7.2
Fighting       | 4 5 |  5.9
Armour         | 4 5 6 |  6.4
Shields        | 4 5 |  5.4
Translocations | 1 2 3 4 |  4.6
Evocations     | 2 3 |  3.0
Dodging        | |  0.1

Action                   |  1- 3 |  4- 6 |  7- 9 || total
-------------------------+-------+-------+-------++-------
Melee: War axe           |   124 |   177 |   284 ||   585
  Use: Potion            |       |     2 |     3 ||     5
       Scroll            |       |     8 |    10 ||    18
Armor: Scale mail        |    65 |   123 |   241 ||   429
Dodge: Dodged            |    64 |    88 |   175 ||   327
Block: Buckler           |    37 |    56 |   103 ||   196

Table legend: (Time is in decaauts)
 A = Elapsed time spent in this place.
 B = Non-inter-level travel time spent in this place.
 C = Inter-level travel time spent in this place.
 D = Time resting spent in this place.
 E = Time spent auto-exploring this place.
 F = Levels seen in this place.
 G = Mean time per level.
                   A        B        C        D        E       F      G
               +--------+--------+--------+--------+--------+-----+--------+
         Total |   7321 |   7200 |    121 |   2278 |   3399 |   6 | 1220.2 |
       Dungeon |   7321 |   7200 |    121 |   2278 |   3399 |   6 | 1220.2 |
               +--------+--------+--------+--------+--------+-----+--------+

Top non-repeatable levels by time:
     D:5: 1811 daAuts
     D:4: 1660 daAuts
     D:3: 1594 daAuts
     D:6: 918 daAuts
     D:2: 863 daAuts
     D:1: 473 daAuts
